 Dungeon Crawl Stone Soup version 0.30-a0-6-g7c9e10e132 (webtiles) character file.

Game seed: 9504108318889874136

1644 Setbun the Basher (level 8, -4/64 HPs)
             Began as a Minotaur Fighter on Aug 22, 2022.
             Was a Believer of Okawaru.
             Killed by divine providence
             ... invoked by an orc priest
              (12 damage)
             ... on level 7 of the Dungeon.
             The game lasted 00:07:27 (8202 turns).

Setbun the Basher (Minotaur Fighter)                Turns: 8202, Time: 00:07:27

Health: -4/64      AC: 11    Str: 23    XL:     8   Next: 67%
Magic:  7/7        EV:  9    Int:  5    God:    Okawaru [**....]
Gold:   281        SH:  4    Dex: 10    Spells: 7/7 levels left

rFire   . . .      SeeInvis .    a - +1 flail
rCold   . . .      Faith    .    c - +0 buckler
rNeg    . . .      Spirit   .    b - +0 scale mail
rPois   .          Reflect  .    (helmet restricted)
rElec   .          Harm     .    m - +2 cloak
rCorr   .          Rampage  .    t - +0 pair of gloves
Will    .....                    (no boots)
Stlth   ..........               (no amulet)
HPRegen 0.20/turn                (no ring)
MPRegen 0.10/turn                (no ring)

@: no status effects
A: horns 2, retaliatory headbutt
a: Renounce Religion, Heroism


You were on level 7 of the Dungeon.
You worshipped Okawaru.
Okawaru was pleased with you.
You visited 2 branches of the dungeon, and saw 8 of its levels.
You also visited: Sewer.

You collected 281 gold pieces.

Inventory:

Hand Weapons
 a - a +1 flail (weapon)
 v - a +3 shortbow
 x - a +1 flail
Armour
 b - a +0 scale mail (worn)
 c - a +0 buckler (worn)
 m - a +2 cloak (worn)
 t - a +0 pair of gloves (worn)
Scrolls
 e - a scroll of vulnerability
 g - 2 scrolls of teleportation
 h - 3 scrolls of blinking
 k - a scroll of enchant weapon
 p - 4 scrolls of fog
 q - a scroll of brand weapon {unknown}
 r - 4 scrolls of identify
Potions
 d - a potion of might
 f - a potion of mutation {unknown}
 i - a potion of brilliance {unknown}
 j - 2 potions of invisibility {unknown}
 l - a potion of attraction {unknown}
 n - 4 potions of curing
 o - 2 potions of heal wounds {unknown}
 s - 2 potions of degeneration {unknown}
 u - a potion of flight {unknown}
 w - 2 potions of lignification {unknown}


   Skills:
 - Level 3.6 Fighting
 + Level 13.2 Maces & Flails
 - Level 3.6 Armour
 - Level 3.6 Shields


You had 7 spell levels left.
You didn't know any spells.
Your spell library contained the following spells:

 Spells                   Type           Power      Damage    Failure   Level
 Magic Dart               Conj           0%         1d3       86%         1
 Searing Ray              Conj           0%         2d4       95%         2
 Fulminant Prism          Conj/Hex       0%         3d6       100%        4


Dungeon Overview and Level Annotations

Branches:
Dungeon (7/15)             Temple (1/1) D:5           Sewer (visited)

Altars:
Ashenzari
Cheibriados
Dithmenos
Elyvilon
Fedhas
Gozag
Hepliaklqana
Kikubaaqudgha
Makhleb
Nemelex Xobeh
Okawaru
Qazlal
Ru
Sif Muna
Trog
Uskayaw
Vehumet
Wu Jian
Xom
Yredelemnul
Zin
The Shining One

Shops:
D:4 *!?![

Annotations:
D:3 3 runed translucent doors, mgp's ghost, amateur MiGl


Innate Abilities, Weirdness & Mutations

You have a pair of horns on your head.
You reflexively headbutt those who attack you in melee.


Message History

You are too injured to fight recklessly!
You are too injured to fight recklessly!
You are too injured to fight recklessly!
You are too injured to fight recklessly!
You are too injured to fight recklessly!
You are too injured to fight recklessly!
You are too injured to fight recklessly!
You barely miss the orc warrior. Your headbutt misses the orc warrior.
The orc warrior is heavily wounded.
You closely miss the orc warrior.
The orc warrior is heavily wounded.
The orc warrior barely misses you.
You hit the orc warrior but do no damage.
The orc warrior is heavily wounded.
The orc warrior hits you with a +0 flail.
You hit the orc warrior but do no damage.
You headbutt the orc warrior, but do no damage.
The orc warrior is heavily wounded.
The orc warrior barely misses you.
You closely miss the orc warrior.
The orc warrior is heavily wounded.
You thump the orc warrior!
The orc warrior is severely wounded.
The orc warrior hits you with a +0 flail.
You hit the orc warrior but do no damage.
The orc warrior is severely wounded.
The orc warrior hits you with a +0 flail!
* * * LOW HITPOINT WARNING * * *
The orc priest begins to cast a cantrip, but forgets the words!
You closely miss the orc warrior. Your headbutt misses the orc warrior.
The orc warrior is severely wounded.
The orc warrior hits you with a +0 flail!
* * * LOW HITPOINT WARNING * * *
The orc priest casts a cantrip, but nothing happens.
You sock the orc warrior!
You kill the orc warrior!
Okawaru accepts your kill.
The orc priest invokes the aid of Beogh against you.
Beogh smites you!
You die...

...
....
##
o.. ≈
.o#
#F###
#{o#
#)#
#.#
#@# .
#.#
..
#.#
...#.
#.#
#...
. #.#
≈#.
≈#
#.#
.≈#≈
#.#
#.≈#
#.#
.###
#.#


You could see an orc priest.

Vanquished Creatures
  A sky beast (D:6)
  An orc warrior (D:7)
  A black bear (D:4)
  A centaur (D:6)
  2 kobold brigands (Sewer)
  3 scorpions
  3 wights (D:6)
  An orc priest (D:7)
  2 hounds (D:5)
  A jelly (D:4)
  2 gnoll boudas (D:7)
  4 iguanas
  6 orc wizards
  Natasha (twice) (D:4)
  6 gnolls (D:7)
  5 river rats (Sewer)
  9 adders
  A shadow imp (D:6)
  A white imp (D:6)
  2 ufetubi
  2 worms
  4 dart slugs
  22 orcs
  6 bats
  8 endoplasms
  2 giant cockroaches
  8 goblins
  10 hobgoblins
  2 jackals (Sewer)
  2 quokkas
  17 ball pythons
  9 frilled lizards
  9 kobolds
  9 rats
164 creatures vanquished.

Vanquished Creatures (others)
  20 plants (Sewer)
20 creatures vanquished.

Grand Total: 184 creatures vanquished

Notes
Turn   | Place    | Note
-------+----------+-------------------------------------------
     0 | D:1      | Setbun the Minotaur Fighter began the quest for the Orb.
     0 | D:1      | Reached XP level 1. HP: 19/19 MP: 0/0
    82 | D:1      | Reached skill level 3 in Maces & Flails
   221 | D:1      | Found a faded altar of an unknown god.
   243 | D:1      | Reached XP level 2. HP: 26/26 MP: 1/1
   675 | D:1      | Reached skill level 4 in Maces & Flails
  1295 | D:2      | Reached XP level 3. HP: 27/31 MP: 2/2
  2099 | D:3      | Reached skill level 5 in Maces & Flails
  2231 | D:3      | Reached XP level 4. HP: 39/39 MP: 3/3
  2271 | D:3      | Identified the +2 hand axe of Qumnoisu {drain, Int+6}
  2272 | D:3      | Found a runed translucent gate.
  2272 | D:3      | Noticed mgp's ghost (amateur MiGl)
  2273 | D:3      | Found a runed translucent gate.
  2277 | D:3      | Found a runed translucent gate.
  2885 | D:4      | Found Xocweum's Distillery.
  2962 | D:4      | Reached skill level 6 in Maces & Flails
  3024 | D:4      | Reached XP level 5. HP: 45/45 MP: 4/4
  3040 | D:4      | Found Yqocyn's Distillery.
  3065 | D:4      | Noticed a black bear
  3076 | D:4      | Killed a black bear
  3077 | D:4      | Reached skill level 7 in Maces & Flails
  3195 | D:4      | Found Wesiu's Magic Scroll Shoppe.
  3281 | D:4      | Found Osioqiq's General Store.
  3288 | D:4      | Noticed Natasha
  3295 | D:4      | Killed Natasha
  3296 | D:4      | Reached XP level 6. HP: 36/51 MP: 5/5
  3558 | D:4      | Noticed Natasha
  3566 | D:4      | Killed Natasha
  3689 | D:4      | Found Fiskunn's Antique Armour Boutique.
  3763 | D:5      | Entered Level 5 of the Dungeon
  3840 | D:5      | Reached skill level 8 in Maces & Flails
  4385 | D:5      | Found a bloodstained altar of Trog.
  4428 | D:5      | Found a staircase to the Ecumenical Temple.
  4438 | D:5      | Reached skill level 9 in Maces & Flails
  4443 | Temple   | Entered the Ecumenical Temple
  4443 | Temple   | Found a transporter.
  4443 | Temple   | Found a transporter.
  4527 | Temple   | Found a transporter.
  4527 | Temple   | Found a transporter.
  4563 | Temple   | Became a worshipper of Warmaster Okawaru
  4617 | D:5      | Found a shadowy altar of Dithmenos.
  4626 | D:5      | Found a radiant altar of Vehumet.
  4627 | D:5      | Found a glowing golden altar of the Shining One.
  4631 | D:5      | Found an opulent altar of Gozag.
  4848 | D:5      | Reached XP level 7. HP: 50/57 MP: 6/6
  5187 | D:6      | Reached skill level 10 in Maces & Flails
  5527 | D:6      | Found a glowing drain.
  5537 | Sewer    | Entered a sewer
  5558 | Sewer    | Reached * piety under Okawaru
  6101 | Sewer    | Reached skill level 11 in Maces & Flails
  6611 | D:6      | Reached XP level 8. HP: 14/64 MP: 7/7
  7098 | D:6      | Reached skill level 12 in Maces & Flails
  7422 | D:6      | Reached ** piety under Okawaru
  7562 | D:7      | Found Naloezycs's Antique Weapon Shop.
  7887 | D:7      | Reached skill level 13 in Maces & Flails
  8202 | D:7      | Killed from afar by an orc priest

Illustrated notes

Levels and vault maps discovered:
D:1:      zelgadis_glass_arrival_small, layout_basic,
          shapermc_ecumenical_altar_mp_urbaneastern, minmay_misc_feat_alley
D:2:      layout_loops_ring, dreamdust_wishing_well
D:3:      layout_basic, biasface_ghost_orc_armoury, lemuel_another_geyser
D:4:      layout_basic, serial_shops, nicolae_shop_statue_plus,
          nicolae_take_the_stairs, nicolae_shop_hallway_stairs, shop,
          nicolae_shop_stone, kennysheep_small_circle, uniq_natasha
D:5:      layout_loops_ring, minitemple, marbit_many_paths,
          minmay_temple_entry_trees
D:6:      layout_gridville, portal_sewer_entry_a
D:7:      layout_loops_ring, serial_shops, nicolae_square_shop,
          nicolae_water_bricks, chequers_mini_garden
Temple:   hellmonk_temple_divided_pantheon

Skill      XL: |  1  2  3  4  5  6  7  8 |
---------------+-------------------------+-----
Maces & Flails | 3 4 5 6 7 9 11 13 | 13.2
Fighting       | |  3.6
Armour         | |  3.6
Shields        | |  3.6

Action                   |  1- 3 |  4- 6 |  7- 9 || total
-------------------------+-------+-------+-------++-------
Melee: Flail             |    81 |   119 |   280 ||   480
       Headbutt          |     8 |    13 |    23 ||    44
  Use: Scroll            |       |       |    10 ||    10
Armor: Scale mail        |    38 |    52 |   147 ||   237
Dodge: Dodged            |    36 |    44 |   114 ||   194
Block: Buckler           |     8 |    23 |    76 ||   107

Table legend: (Time is in decaauts)
 A = Elapsed time spent in this place.
 B = Non-inter-level travel time spent in this place.
 C = Inter-level travel time spent in this place.
 D = Time resting spent in this place.
 E = Time spent auto-exploring this place.
 F = Levels seen in this place.
 G = Mean time per level.
                   A        B        C        D        E       F      G
               +--------+--------+--------+--------+--------+-----+--------+
         Total |   8348 |   8147 |    201 |   1010 |   5989 |   9 |  927.6 |
       Dungeon |   7196 |   6995 |    201 |   1010 |   5051 |   7 | 1028.0 |
        Temple |    139 |    139 |      0 |      0 |     88 |   1 |  139.0 |
         Sewer |   1013 |   1013 |      0 |      0 |    849 |   1 | 1013.0 |
               +--------+--------+--------+--------+--------+-----+--------+

Top non-repeatable levels by time:
     D:6: 1458 daAuts
     D:5: 1303 daAuts
     D:1: 1216 daAuts
   Sewer: 1013 daAuts
     D:4: 987 daAuts
     D:3: 926 daAuts
     D:2: 674 daAuts
     D:7: 628 daAuts
  Temple: 139 daAuts
